 Dungeon Crawl Stone Soup version 0.20.1-1-g8b1a95d (webtiles) character file.

72 kae the Insei (level 4, -7/34 HPs)
             Began as a Demonspawn Gladiator on Sept 15, 2017.
             Killed from afar by an orc wizard (9 damage)
             ... with a magic dart
             ... on level 3 of the Dungeon.
             The game lasted 00:01:53 (1790 turns).

kae the Insei (Demonspawn Gladiator)                Turns: 1790, Time: 00:01:54

Health: -7/34      AC:  4    Str: 14    XL:     4   Next: 7%
Magic:  4/4        EV: 12    Int: 10    God:
Gold:   72         SH:  0    Dex: 15    Spells: 3/3 levels left

rFire    . . .     SeeInvis .     - Unarmed
rCold    . . .     Gourm    .   (no shield)
rNeg     . . .     Faith    .   a - +0 leather armour
rPois    .         Spirit   .   b - +0 helmet
rElec    .         Reflect  .   (no cloak)
rCorr    .         Harm     .   (no gloves)
MR       .....                  (no boots)
Stlth    ++........             (no amulet)
Regen    0.2/turn               (no ring)
MPRegen  0.1/turn               (no ring)

@: no status effects
A: claws 1, nightstalker 1, rot immunity
a: no special abilities


You were on level 3 of the Dungeon.
You were not hungry.

You visited 1 branch of the dungeon, and saw 3 of its levels.

You collected 72 gold pieces.

Inventory:

Missiles
 c - 3 throwing nets (quivered)
 e - 5 javelins
Armour
 a - a +0 leather armour (worn)
 b - a +0 helmet (worn)
Scrolls
 g - a scroll of amnesia {unknown}
 h - 2 scrolls of blinking {unknown}
 i - a scroll of fear {unknown}
 k - a scroll of recharging {unknown}
 l - 3 scrolls of identify {unknown}
 n - 2 scrolls of magic mapping {unknown}
 r - a scroll of teleportation {unknown}
Potions
 j - 2 potions of resistance {unknown}
 m - 4 potions of curing {unknown}
 p - a potion of haste {unknown}
 q - a potion of magic {unknown}
Comestibles
 d - 3 bread rations
 f - 2 meat rations
 o - a royal jelly


   Skills:
 + Level 2.8 Fighting
 - Level 1.7 Throwing
 - Level 2.6 Dodging
 * Level 4.1 Unarmed Combat


You had 3 spell levels left.
You didn't know any spells.

Dungeon Overview and Level Annotations

Branches:
Dungeon (3/15)

Altars:
Fedhas
Nemelex Xobeh
Uskayaw


Innate Abilities, Weirdness & Mutations

You have sharp fingernails.
You are slightly more attuned to the shadows.
You are immune to rotting.


Message History

The orc is heavily wounded.
Something hits you but does no damage. The orc hits you with a mace.
You scratch the orc but do no damage.
The orc is heavily wounded.
Something completely misses you. The orc misses you.
You scratch the orc but do no damage.
The orc is heavily wounded.
Something hits you but does no damage. Something hits you.
You scratch the orc but do no damage.
The orc is heavily wounded.
Something hits you.
* * * LOW HITPOINT WARNING * * *
The orc hits you with a mace.
* * * LOW HITPOINT WARNING * * *
You scratch the orc.
The orc is almost dead.
You hear some strange, mumbled words.
A magic dart appears from out of thin air!
The magic dart hits you!
You die...

r.#......#
.#........##
#..........# #
#..........#.#
#..........#.#
#.........{o.#
#.<.......@#
##.........######
##...............
#..........######
#.........$#
#...$......#
#........†.#
#..........#
##........##


You could see an orc.

Vanquished Creatures
  Terence (D:2)
  2 worms (D:2)
  A leopard gecko (D:2)
  2 orcs (D:3)
  2 ball pythons (D:2)
  2 giant cockroaches
  7 goblins
  6 hobgoblins
  6 bats
  2 frilled lizards (D:2)
  3 kobolds
  3 rats (D:1)
37 creatures vanquished.

Notes
Turn   | Place    | Note
-------+----------+-------------------------------------------
     0 | D:1      | kae the Demonspawn Gladiator began the quest for the Orb.
     0 | D:1      | Reached XP level 1. HP: 16/16 MP: 1/1
   231 | D:1      | Reached skill level 3 in Unarmed Combat
   265 | D:1      | Gained mutation: You have sharp fingernails. [demonic ancestry]
   265 | D:1      | Reached XP level 2. HP: 22/22 MP: 2/2
  1068 | D:2      | Found a hide-covered altar of Uskayaw.
  1138 | D:2      | Gained mutation: You are slightly more attuned to the shadows. [demonic ancestry]
  1138 | D:2      | Reached XP level 3. HP: 28/28 MP: 3/3
  1238 | D:2      | Noticed Terence
  1248 | D:2      | Killed Terence
  1342 | D:2      | Found a sparkling altar of Nemelex Xobeh.
  1412 | D:2      | Reached skill level 4 in Unarmed Combat
  1637 | D:2      | Gained mutation: You are immune to rotting. [demonic ancestry]
  1637 | D:2      | Reached XP level 4. HP: 34/34 MP: 4/4
  1638 | D:2      | Found a blossoming altar of Fedhas.
  1790 | D:3      | Killed from afar by an orc wizard

Skill      XL: |  1  2  3 |
---------------+----------+-----
Unarmed Combat | 3 4 |  4.1
Fighting       | |  2.8
Throwing       | |  1.7
Dodging        | |  2.6

Action                   |  1- 3 |  4- 6 || total
-------------------------+-------+-------++-------
Melee: Unarmed           |   129 |    20 ||   149
       Punch             |       |     1 ||     1
Throw: Throwing net      |     2 |       ||     2
  Use: Scroll            |     1 |       ||     1
 Stab: Held in net/web   |     4 |       ||     4
       Sleeping          |     2 |       ||     2
  Eat: Chunk             |     2 |     1 ||     3
Armor: Leather armour    |    39 |     5 ||    44
Dodge: Dodged            |    82 |     9 ||    91
